Map: [EWC] Alcyone

Players

Coffee

  • Race: Terran Terran
  • Spawn Location: 1:00

Serral - Winner!

  • Race: Zerg Zerg
  • Spawn Location: 7:00

Event: Esports World Cup 2024

VOD

Have the link to the VOD?

Description

Time

  • Played on: Aug. 14, 2024, 10:20 a.m.
  • Length: 9:04

All games in this series

Show
View Real Time Build Order
Export as new Build Order

Coffee Terran 

Build Orders: Reaper Expand, Hellion Banshee 

Get SALT Encoding   

  12  0:00  SCV  
  13  0:12  SCV  
  14  0:17  Supply Depot  
  14  0:24  SCV  
  15  0:38  SCV  
  15  0:40  Barracks  
  16  0:42  Refinery  
  16  0:51  SCV  
  17  1:03  SCV  
  18  1:15  SCV  
  19  1:27  Orbital Command, Reaper  
  20  1:40  Command Center  
  20  1:50  Supply Depot  
  20  1:53  SCV  
  21  1:59  Marine  
  22  2:05  SCV  
  23  2:14  Factory  
  23  2:17  SCV  
  23  2:21  Barracks Reactor  
  25  2:30  SCV  
  25  2:42  SCV  
  25  2:43  Command Center  
  26  2:52  Orbital Command  
  26  2:57  SCV  
  27  3:02  Starport  
  27  3:07  Refinery  
  27  3:09  SCV  
  28  3:15  Hellion x2  
  28  3:18  Barracks Tech Lab  
  28  3:19  SCV  
  33  3:21  SCV  
  34  3:31  SCV  
  34  3:37  Hellion x2  
  38  3:41  SCV  
  38  3:43  SCV  
  38  3:44  Viking  
  42  3:50  Barracks Tech Lab  
  42  3:54  SCV  
  44  3:55  SCV  
  44  3:56  Orbital Command  
  44  4:02  Engineering Bay x2  
  44  4:07  SCV  
  44  4:09  SCV  
  46  4:14  Banshee  
  49  4:17  Supply Depot  
  49  4:23  Hellion x2  
  49  4:24  SCV x3  
  56  4:34  Terran Infantry Weapons Level 1  
  56  4:35  Terran Infantry Armor Level 1  
  56  4:39  SCV x2  
  56  4:40  SCV  
  59  4:50  Factory Reactor  
  59  4:51  Barracks  
  59  4:52  Refinery  
  59  4:53  Refinery  
  59  4:55  SCV x2, Barracks  
  61  5:01  SCV  
  61  5:04  Starport Reactor  
  62  5:12  Barracks, Stimpack  
  62  5:13  SCV x2  
  62  5:14  SCV, Barracks  
  65  5:16  Supply Depot  
  65  5:24  Supply Depot x2  
  64  5:38  Marine x2  
  64  5:41  Hellion x2  
  67  5:44  SCV x2  
  67  5:46  SCV  
  56  5:50  Marine  
  56  5:54  Medivac x2  
  56  5:56  Marine x2  
  58  6:02  Marine x2  
  50  6:04  Hellion  
  50  6:05  Hellion  
  50  6:06  SCV x3  
  50  6:07  Marine  
  49  6:14  Marine  
  49  6:16  Marine  
  49  6:19  SCV x2  
  49  6:20  Marine  
  49  6:25  SCV  
  50  6:31  SCV  
  51  6:34  Armory  
  51  6:38  Marine x4  
  55  6:40  SCV  
  55  6:46  Marine x3  
  55  6:52  SCV x2  
  57  6:55  Siege Tank  
  57  6:56  Marine  
  57  6:58  Marine x3  
  64  7:03  Combat Shield  
  64  7:04  SCV x2, Marine  
  64  7:06  SCV  
  68  7:16  SCV x2  
  68  7:17  Orbital Command, Supply Depot  
  68  7:20  Marine  
  71  7:36  Marine x4  
  70  7:39  SCV x2  
  69  7:44  SCV  
  69  7:46  Marine  
  69  7:48  Siege Tank  
  75  7:51  SCV x2  
  75  7:57  SCV  
  77  8:00  Supply Depot  
  77  8:01  Marine x3  
  77  8:02  Barracks Reactor x2  
  77  8:03  SCV, Medivac  
  77  8:04  SCV  
  77  8:05  Medivac  
  85  8:10  SCV  
  85  8:12  Marine x2  
  87  8:15  SCV  
  87  8:16  SCV  
  87  8:18  Marine  
  87  8:19  Marine  
  91  8:26  Marine  
  92  8:28  SCV  
  92  8:30  Marine x2  
  91  8:36  Supply Depot, Marine x2  
  91  8:37  Supply Depot  
  91  8:38  Supply Depot  
  80  8:44  Marine  
Show
View Real Time Build Order
Export as new Build Order

Serral Zerg - Winner!

Build Orders: Hatch First 

Get SALT Encoding   

  12  0:00  Drone  
  13  0:12  Overlord  
  13  0:17  Drone  
  14  0:30  Drone x2  
  16  0:47  Hatchery  
  15  0:50  Drone  
  15  0:54  Drone  
  17  0:57  Drone  
  18  1:07  Extractor  
  17  1:12  Spawning Pool  
  17  1:15  Drone  
  17  1:18  Drone  
  18  1:27  Drone  
  19  1:38  Drone  
  20  1:49  Drone  
  21  1:59  Queen x2  
  21  2:00  Zergling x4  
  27  2:07  Metabolic Boost  
  27  2:10  Overlord  
  27  2:11  Drone  
  28  2:29  Drone  
  29  2:30  Hatchery  
  29  2:32  Drone  
  29  2:34  Drone  
  31  2:37  Drone  
  31  2:45  Queen  
  31  2:48  Overlord  
  34  2:51  Drone  
  34  2:56  Drone x2  
  36  3:06  Queen  
  36  3:07  Overlord  
  36  3:12  Drone x3  
  41  3:17  Drone x2  
  41  3:19  Drone  
  44  3:25  Queen  
  44  3:26  Drone  
  47  3:28  Drone  
  47  3:37  Overlord  
  47  3:39  Zergling x2  
  49  3:41  Zergling x2  
  49  3:43  Drone x2  
  49  3:45  Drone  
  49  3:48  Drone  
  55  3:50  Overlord  
  55  3:55  Zergling x2  
  55  3:56  Roach Warren  
  55  3:57  Drone  
  55  4:00  Drone x2  
  58  4:03  Drone x2  
  58  4:08  Extractor  
  58  4:09  Extractor  
  56  4:11  Zergling x4  
  56  4:12  Zergling x2  
  59  4:17  Overlord  
  59  4:27  Zergling x2, Overlord x2  
  60  4:36  Roach x4  
  70  4:38  Roach x3  
  74  4:46  Roach x4  
  74  4:49  Overlord  
  82  4:59  Zergling x12  
  88  5:04  Overlord  
  88  5:12  Zergling x10  
  91  5:19  Ravager  
  91  5:20  Zergling x10  
  97  5:23  Lair  
  97  5:24  Ravager x2  
  99  5:29  Zergling x2  
  99  5:30  Zergling x2  
  99  5:31  Overlord  
  99  5:33  Overlord  
  99  5:38  Ravager  
  96  5:43  Zergling x10  
  96  5:47  Drone x4  
  95  5:56  Drone x6  
  93  6:02  Drone x3  
  88  6:06  Drone x2  
  88  6:07  Drone  
  88  6:08  Evolution Chamber x2  
  82  6:17  Drone x2  
  80  6:19  Drone  
  80  6:20  Drone  
  80  6:21  Drone  
  80  6:22  Drone  
  80  6:23  Glial Reconstitution  
  80  6:25  Drone x3  
  83  6:29  Drone x3  
  86  6:35  Zerg Ground Armor Level 1, Zerg Missile Weapons Level 1  
  86  6:41  Drone x5  
  86  6:45  Extractor  
  86  6:46  Hatchery, Extractor x2  
  86  6:50  Roach  
  88  6:55  Roach x5  
  88  6:59  Overlord  
  98  7:02  Overlord  
  98  7:03  Roach x2  
  104  7:08  Roach x4  
  104  7:10  Overseer  
  104  7:13  Overlord  
  104  7:14  Overlord  
  110  7:17  Roach  
  112  7:23  Roach  
  112  7:24  Roach x3  
  118  7:31  Roach x6  
  118  7:35  Roach x3  
  128  7:42  Roach  
  128  7:43  Roach  
  132  7:45  Ravager x3  
  132  7:46  Overlord  
  132  7:49  Roach  
  137  7:57  Roach x4  
  145  8:02  Roach x4  
  153  8:06  Overlord  
  153  8:09  Roach x2  
  157  8:15  Roach x4  
  165  8:22  Roach x5  
  165  8:24  Queen  
  174  8:29  Overlord  
  174  8:30  Overlord  
  174  8:32  Zergling x2  
  174  8:33  Zergling x2  
  176  8:39  Zergling x6, Roach x2  
  171  8:41  Zergling x2, Roach  
  171  8:45  Zergling x2, Roach  
Tags
 
Add a new tag
Caveats
  • Supply blocks, unpowered buildings, or Contaminate may cause inaccurate times.
  • Supply counts are checked every 10 seconds.